 Dungeon Crawl Stone Soup version 0.19-a0-1049-g462a813 (webtiles) character file.

9 epen the Grasshopper (level 2, -1/25 HPs)
             Began as a Ghoul Warper on July 31, 2016.
             Slain by a jackal (2 damage)
             ... on level 1 of the Dungeon.
             The game lasted 00:00:48 (506 turns).

epen the Grasshopper (Ghoul Warper)                  Turns: 506, Time: 00:00:49

Health: -1/25      AC:  3    Str: 14    XL:     2   Next: 12%
Magic:  3/3        EV: 17    Int:  8    God:
Gold:   35         SH:  0    Dex: 13    Spells: 1 memorised, 3 levels left

rFire  . . .     SeeInvis .       - Unarmed
rCold  + . .     Gourm    .     a - +0 leather armour
rNeg   + + +     Faith    .     (no shield)
rPois  ∞         Spirit   .     (no helmet)
rElec  .         Dismiss  .     (no cloak)
rCorr  .         Reflect  .     (no gloves)
SustAt .         Harm     .     (no boots)
MR     .....                    (no amulet)
Stlth  ++........               (no ring)
                                (no ring)

@: agile, rotting, not resistant to hostile enchantments, unstealthy
A: rotting body, claws 1, carnivore 3, cold resistance 1, negative energy
resistance 3, slow regeneration 1, torment resistance, unbreathing
a: no special abilities


You were on level 1 of the Dungeon.
You were not hungry.

You visited 1 branch of the dungeon, and saw 1 of its levels.

You collected 35 gold pieces.

Inventory:

Missiles
 d - 5 tomahawks of dispersal (quivered)
Armour
 a - a +0 leather armour (worn)
Scrolls
 c - a scroll of blinking
 e - 2 scrolls of remove curse {unknown}
 g - a scroll of identify {unknown}
 j - a scroll of noise {unknown}
Potions
 i - a potion of heal wounds {unknown}
Books
 b - a book of Spatial Translocations

   Spells                             Type                      Level
   a - Apportation                    Translocation                1
   b - Blink                          Translocation                2
   c - Shroud of Golubria             Charms/Translocation         2
   d - Portal Projectile              Translocation                3
   e - Teleport Other                 Translocation                3
   f - Passage of Golubria            Translocation                4
Comestibles
 f - a meat ration


   Skills:
 + Level 2.3 Fighting
 - Level 0.8 Throwing
 + Level 1.0 Armour
 + Level 1.8 Dodging
 + Level 2.3 Unarmed Combat
 * Level 1.9 Spellcasting
 * Level 2.8 Translocations


You had 3 spell levels left.
You knew the following spells:

 Your Spells              Type           Power        Failure   Level  Hunger
a - Apportation           Tloc           #.........   17%         1    ##.....


Dungeon Overview and Level Annotations

Branches:
Dungeon (1/15)

Altars:


Innate Abilities, Weirdness & Mutations

Your body is rotting away.
You thrive on raw meat.
You are immune to poison.
You have sharp fingernails.
You are carnivorous and can eat meat at any time.
Your flesh is cold resistant. (rC+)
You are immune to negative energy. (rN+++)
You regenerate slowly when monsters are visible.
You are immune to unholy pain and torment.
You can survive without breathing.


Message History

The jackal bites you but does no damage.
The jackal misses you.
You closely miss the jackal. The jackal barely misses you.
A jackal comes into view.
You scratch the jackal but do no damage.
The jackal bites you.
* * * LOW HITPOINT WARNING * * *
You are too injured to fight recklessly!
You are too injured to fight recklessly!
You closely miss the jackal. The jackal bites you.
* * * LOW HITPOINT WARNING * * *
The jackal barely misses you.
You barely miss the jackal.
The jackal bites you but does no damage.
You barely miss the jackal. The jackal bites you.
* * * LOW HITPOINT WARNING * * *
It was a potion of agility.
You feel agile all of a sudden. The jackal bites you.
You die...

#.# #.# #.#### #.#..
################÷#.#
.....).........#.#.######
................h......>.
#'#####........#h#.######
#.########.....#@#...
.....# ##....#.#####
.......# ##...#.#
####....# #...#.#
######... #...#.#
.....##.. ##..#.# ≈.≈≈..#
. #..#.# ...≈≈.# #..#.#
.<.≈≈.# #..#.#


You could see 2 jackals.

Vanquished Creatures
  A bat (D:1)
  A hobgoblin (D:1)
  A jackal (D:1)
  3 kobolds (D:1)
  3 rats (D:1)
9 creatures vanquished.

Notes
Turn   | Place    | Note
-------+----------+-------------------------------------------
     0 | D:1      | epen the Ghoul Warper began the quest for the Orb.
     0 | D:1      | Reached XP level 1. HP: 17/17 MP: 2/2
   169 | D:1      | Reached skill level 1 in Armour
   424 | D:1      | Reached XP level 2. HP: 10/24 MP: 3/3
   505 | D:1      | HP: 1/25 [jackal (3)]
   506 | D:1      | Slain by a jackal

Vault maps used:
D:1:      dpeg_arrival_concentric_ovals, serial_glass, glass_columns_a,
          glass_columns_a

Skill      XL: |  1 |
---------------+----+-----
Armour         | 1 |  1.0
Fighting       | |  2.3
Throwing       | |  0.8
Dodging        | |  1.8
Unarmed Combat | |  2.3
Spellcasting   | |  1.9
Translocations | |  2.8

Action                   || total
-------------------------++-------
Melee: Unarmed           ||    39
  Use: Potion            ||     1
  Eat: Chunk             ||     2
Armor: Leather armour    ||     9
Dodge: Dodged            ||    15
